 Dungeon Crawl Stone Soup version 0.30-a0-140-gd1020e658a (webtiles) character file.

Game seed: 2053496156626139635

98 Pixllover the Trooper (level 4, -2/41 HPs)
             Began as a Minotaur Berserker on Sept 24, 2022.
             Was a Believer of Trog.
             Killed from afar by Grinder (8 damage)
             ... with a puff of flame
             ... while paralysed by Grinder
             ... on level 3 of the Dungeon.
             The game lasted 00:06:58 (1947 turns).

Pixllover the Trooper (Minotaur Berserker)          Turns: 1947, Time: 00:06:58

Health: -2/41      AC: 15    Str: 23    XL:     4   Next: 44%
Magic:  3/3        EV:  2    Int:  4    God:    Trog [**....]
Gold:   138        SH:  0    Dex: 10    Spells: 3/3 levels left

rFire   . . .      SeeInvis .    j - +1 dagger (elec)
rCold   + . .      Faith    .    (no shield)
rNeg    . . .      Spirit   .    u - +7 Kryia's mail coat {PotionHeal*2 rC+}
rPois   .          Reflect  .    (helmet restricted)
rElec   .          Harm     .    i - +0 cloak
rCorr   .          Rampage  .    (no gloves)
Will    .....                    (no boots)
Stlth   ..........               l - amulet of the acrobat
HPRegen 0.13/turn                (no ring)
MPRegen 0.08/turn                (no ring)

@: paralysed
A: horns 2, retaliatory headbutt
a: Renounce Religion, Berserk, Trog's Hand


You were on level 3 of the Dungeon.
You worshipped Trog.
Trog was pleased with you.
You visited 1 branch of the dungeon, and saw 3 of its levels.

You collected 138 gold pieces.

Inventory:

Hand Weapons
 a - a +0 hand axe
 j - a +1 dagger of electrocution (weapon)
Missiles
 s - 5 javelins (quivered)
Armour
 b - a +0 animal skin
 c - a +0 scale mail
 i - a +0 cloak (worn)
 u - the +7 Kryia's mail coat (worn) {PotionHeal*2 rC+}
   (You found it on level 2 of the Dungeon)

   Potions are twice as effective at healing its wearer.
   rC:        It protects you from cold.
Jewellery
 l - an amulet of the acrobat (around neck)
 n - an amulet of magic regeneration
Wands
 p - a wand of roots (8)
Scrolls
 e - 3 scrolls of teleportation
 g - a scroll of immolation
 k - a scroll of summoning {unknown}
 r - a scroll of fear {unknown}
 t - 2 scrolls of enchant weapon {unknown}
 w - a scroll of silence {unknown}
Potions
 d - a potion of might {unknown}
 f - 2 potions of haste {unknown}
 h - 2 potions of invisibility {unknown}
 m - a potion of curing {unknown}
 o - a potion of heal wounds {unknown}
 q - 2 potions of flight {unknown}
 v - 2 potions of brilliance {unknown}


   Skills:
 + Level 4.6 Fighting
 + Level 0.3 Short Blades
 + Level 4.3 Axes
 + Level 3.5 Armour
 + Level 3.0 Dodging


You had 3 spell levels left.
You didn't know any spells.
Your spell library was empty.

Dungeon Overview and Level Annotations

Branches:
Dungeon (3/15)

Altars:

Annotations:
D:3 Grinder


Innate Abilities, Weirdness & Mutations

You have a pair of horns on your head.
You reflexively headbutt those who attack you in melee.


Message History

Grinder closely misses you. You furiously retaliate!
You headbutt Grinder. You barely miss Grinder.
Grinder is severely wounded.
Grinder blinks!
Grinder blinks!
Grinder gestures at you.
You barely resist. You barely miss Grinder.
Grinder is severely wounded.
Grinder gestures at you.
You suddenly lose the ability to move!
Grinder zaps a wand.
The puff of flame hits you.
Grinder says, "DUCK!"
Grinder blinks!
You can move again.
You hit Grinder but do no damage. You headbutt Grinder, but do no damage.
Grinder is severely wounded.
Grinder gestures at you. Pain shoots through your body!
You hit Grinder.
Grinder is severely wounded.
Grinder blinks!
Grinder blinks!
Grinder completely misses you.
You hit Grinder but do no damage.
Grinder is severely wounded.
Grinder gestures at you.
You barely resist. You hit Grinder.
Grinder is severely wounded.
Grinder barely misses you.
You hit Grinder but do no damage.
Grinder is severely wounded.
Grinder gestures at you.
You suddenly lose the ability to move!
Grinder gestures at you. Pain shoots through your body!
* * * LOW HITPOINT WARNING * * *
Grinder zaps a wand.
The puff of flame hits you!
You die...

#########
#>......#
#.......#
######.......#
#....#.......#
#....#...@..)#
#....#..5....#
##............#
###)...........)#
#.......#....=..#
#.##....#.#.##.##
##.#######...#
...
###..###...##..#
##.#
#.....##...##.##
.. ..


You could see Grinder.

Vanquished Creatures
  Ijyb (D:2)
  3 dart slugs
  An orc (D:3)
  3 ball pythons
  6 bats
  10 endoplasms
  4 giant cockroaches
  11 goblins
  4 hobgoblins
  4 jackals (D:1)
  5 frilled lizards
  4 kobolds
  5 rats
61 creatures vanquished.

Notes
Turn   | Place    | Note
-------+----------+-------------------------------------------
     0 | D:1      | Pixllover the Minotaur Berserker began the quest for the
                  | Orb.
     0 | D:1      | Reached XP level 1. HP: 19/19 MP: 0/0
    20 | D:1      | Noticed a demonspawn zombie
   100 | D:1      | Found a faded altar of an unknown god.
   216 | D:1      | Reached XP level 2. HP: 27/27 MP: 1/1
   529 | D:1      | Reached ** piety under Trog
   530 | D:1      | Reached XP level 3. HP: 19/33 MP: 2/2
   969 | D:2      | Noticed Ijyb
   982 | D:2      | Killed Ijyb
   983 | D:2      | Reached XP level 4. HP: 23/41 MP: 3/3
  1597 | D:2      | Found the +7 Kryia's mail coat {PotionHeal*2 rC+}
  1904 | D:3      | Noticed Grinder
  1908 | D:3      | Paralysed by Grinder for 5 turns
  1933 | D:3      | Paralysed by Grinder for 4 turns
  1945 | D:3      | Paralysed by Grinder for 3 turns
  1947 | D:3      | Killed from afar by Grinder

Illustrated notes

Levels and vault maps discovered:
D:1:      shiori_arrival_whats_in_store_for_you, layout_rooms,
          hellmonk_ecumenical_altar_blasted
D:2:      kennysheep_the_goblin_king, layout_rooms, serial_rivers,
          chequers_serial_rivers_marsh, chequers_serial_rivers_large_b,
          chequers_serial_rivers_marsh, chequers_serial_rivers_small_3,
          chequers_mini_garden
D:3:      layout_rooms, uniq_terence, uniq_ijyb, uniq_jessica, uniq_grinder

Skill      XL: |  1  2  3  4 |
---------------+-------------+-----
Fighting       | 4 |  4.6
Axes           | 4 |  4.3
Armour         | 3 |  3.5
Dodging        | 3 |  3.0
Short Blades   | |  0.3

Action                   |  1- 3 |  4- 6 || total
-------------------------+-------+-------++-------
Melee: Hand axe          |    41 |       ||    41
       Headbutt          |    10 |     8 ||    18
       Punch             |     2 |     1 ||     3
       Dagger            |    59 |    48 ||   107
Invok: Berserk           |     1 |       ||     1
  Use: Scroll            |     1 |       ||     1
Armor: Scale mail        |    80 |    24 ||   104
       Animal skin       |     1 |       ||     1
Dodge: Dodged            |    72 |    47 ||   119

Table legend: (Time is in decaauts)
 A = Elapsed time spent in this place.
 B = Non-inter-level travel time spent in this place.
 C = Inter-level travel time spent in this place.
 D = Time resting spent in this place.
 E = Time spent auto-exploring this place.
 F = Levels seen in this place.
 G = Mean time per level.
                   A        B        C        D        E       F      G
               +--------+--------+--------+--------+--------+-----+--------+
         Total |   2010 |   1950 |     60 |    183 |    787 |   3 |  670.0 |
       Dungeon |   2010 |   1950 |     60 |    183 |    787 |   3 |  670.0 |
               +--------+--------+--------+--------+--------+-----+--------+

Top non-repeatable levels by time:
     D:2: 1047 daAuts
     D:1: 856 daAuts
     D:3: 105 daAuts
